[Event "42nd Olympiad Baku 2016 Women"]
[Site "Baku"]
[Date "2016.09.05"]
[Round "4.11"]
[White "Fernandez Alacha, Mirna Graciela"]
[Black "Kabengano, Joyce"]
[Result "1/2-1/2"]
[ECO "B23"]
[WhiteElo "1528"]
[BlackElo "1559"]
[Annotator ""]
[PlyCount "88"]
[EventDate "2016.??.??"]
[EventCountry "AZE"]
[SourceTitle "playchess.com"]
[Source "ChessBase"]
[WhiteTeam "Honduras"]
[BlackTeam "Uganda"]
[WhiteTeamCountry "HON"]
[BlackTeamCountry "UGA"]
[TimeControl "40/5400+30:1800+30"]

1. e4 {(00:00)} c5 {(00:00)} 2. Nc3 {(00:00)} d6 3. Bb5+
Bd7 {(01:45)} 4. a4 {(00:29)} Nf6 {(01:09)} 5. d3 {
(00:21)} e6 {(00:28)} 6. f4 {(00:41)} a6 {(00:25)}
7. Bc4 {(00:48)} Nc6 {(01:33)} 8. Nf3 {(00:33)} Qc7 {
(01:03)} 9. O-O {(01:27)} Be7 {(00:41)} 10. h3 {(
00:20)} O-O {(03:00)} 11. Bd2 {(06:07)} Na5 {(09:30)} 12.
Qe1 {(04:58)} Nxc4 {(07:12)} 13. dxc4 {(04:46)} Bc6 {
(01:11)} 14. g4 {(04:42)} Nd7 {(10:10)} 15. a5 {(
10:18)} Rae8 {(08:28)} 16. Qg3 {(05:20)} f5 {(06:47)} 17.
gxf5 {(20:08)} exf5 {(01:21)} 18. Nd5 {(13:10)} Bxd5 {
(15:36)} 19. exd5 {(01:20)} Nf6 {(05:27)} 20. Bc3 {
(07:33)} Nh5 {(07:14)} 21. Qg2 {(00:59)} Bf6 {(01:
22)} 22. Ng5 {(05:21)} Qd7 {(02:57)} 23. Ne6 {(01:09)} Rf7
{(00:41)} 24. Qf3 {(02:28)} g6 {(03:34)} 25. Rae1 {
(01:26)} Bxc3 {(01:10)} 26. Qxc3 {(00:19)} Nf6 {(
00:55)} 27. Ng5 {(02:17)} Rff8 {(00:37)} 28. Rxe8 {(01:04]
} Qxe8 {(04:07)} 29. Ne6 {(01:24)} Rf7 {(00:35)} 30. Ng5 {
(01:10)} Rf8 {(00:18)} 31. Re1 {(00:50)} Qd7 {(00:
19)} 32. Re6 {(00:49)} Qg7 {(02:00)} 33. Qe3 {(01:26)} Ne4
{(00:55)} 34. Nxe4 {(00:23)} fxe4 {(00:08)} 35. Qxe4 {
(00:49)} Qxb2 {(00:16)} 36. Rxd6 {(00:40)} Qc1+ {(
00:34)} 37. Kg2 {(01:41)} Qxf4 {(00:13)} 38. Qxf4 {(00:12]
} Rxf4 {(00:07)} 39. Rb6 {(00:42)} Rxc4 {(00:44)} 40. Rxb7
{(00:10)} Rxc2+ {(00:07)} 41. Kf3 {(00:28)} Rc4 {(
03:18)} 42. Rc7 {(06:12)} g5 {(06:16)} 43. Ke3 {(03:52)}
h5 {(02:07)} 44. d6 {(00:54)} Kf8 {(02:26] Ke4} 1/2-1/2

[Event "42nd Olympiad Baku 2016 Women"]
[Site "Baku"]
[Date "2016.09.05"]
[Round "4.5"]
[White "Fierro Baquero, Martha L"]
[Black "Li, Ruofan"]
[Result "1-0"]
[ECO "A16"]
[WhiteElo "2369"]
[BlackElo "2353"]
[Annotator ""]
[PlyCount "91"]
[EventDate "2016.??.??"]
[EventCountry "AZE"]
[SourceTitle "playchess.com"]
[Source "ChessBase"]
[WhiteTeam "Ecuador"]
[BlackTeam "Singapore"]
[WhiteTeamCountry "ECU"]
[BlackTeamCountry "SIN"]
[TimeControl "40/5400+30:1800+30"]

1. c4 {(00:00)} Nf6 {(00:00)} 2. g3 {(00:00)} g6 {(
03:49)} 3. Bg2 {(00:00)} d5 {(00:13)} 4. cxd5 {(00:00)}
Nxd5 {(00:04)} 5. Nc3 {(00:00)} Nb6 {(00:05)} 6. b3 {
(11:29)} Bg7 {(00:26)} 7. Bb2 {(00:02)} O-O {(00:
28)} 8. h4 {(04:13)} h6 {(01:00)} 9. Nf3 {(01:26)} Nc6 {
(00:39)} 10. d3 {(02:46)} e5 {(01:52)} 11. Qd2 {(
02:35)} Nd4 {(02:42)} 12. e3 {(06:45)} Nxf3+ {(03:27)} 13.
Bxf3 {(00:03)} c6 {(00:17)} 14. O-O {(03:55)} Bh3 {
(11:52)} 15. Rfd1 {(01:32)} Qd7 {(13:04)} 16. Ne4 {
(09:42)} Nd5 {(17:17)} 17. d4 {(08:42)} f5 {(05:11]
} 18. Nc5 {(00:03)} Qe7 {(00:06)} 19. e4 {(13:28)} fxe4 {
(08:58)} 20. Bxe4 {(00:05)} Rad8 {(08:07)} 21. Qe1 {
(09:13)} Nf6 {(11:25)} 22. Bxg6 {(10:41)} Ng4 {(00:
20)} 23. Nd3 {(00:05)} Qd6 {(01:55)} 24. Qe4 {(06:55)}
exd4 {(02:45)} 25. Nf4 {(00:21)} Rxf4 {(02:51)} 26. gxf4 {
(00:27)} Qf6 {(00:04)} 27. Rxd4 {(02:06)} Rf8 {(03:
58)} 28. Rd2 {(01:20)} Nxf2 {(00:33)} 29. Rxf2 {(02:08)}
Qxh4 {(00:11)} 30. Bh7+ {(02:28)} Kh8 {(00:02)} 31. Bxg7+
{(00:05)} Kxg7 {(00:02)} 32. Qg6+ {(02:10)} Kh8 {(
00:04)} 33. Re1 {(01:10)} Bf5 {(01:06)} 34. Qxf5 {(00:10)}
Rxf5 {(01:01)} 35. Bxf5 {(00:02)} h5 {(00:43)} 36. Re8+ {
(01:18)} Kg7 {(00:02)} 37. Re6 {(00:32)} Kf7 {(00:
39)} 38. Re3 {(00:13)} Qd8 {(01:02)} 39. Rfe2 {(00:25)}
Qd4 {(00:03)} 40. Be4 {(00:00)} a5 {(00:00)} 41. Kg2 {
(00:39)} a4 {(01:49)} 42. bxa4 {(01:23)} Qxa4 {(00:
05)} 43. Bc2 {(00:06)} Qb4 {(02:48)} 44. Re7+ {(06:01)}
Kf8 {(01:34)} 45. Bg6 {(01:15)} Kg8 {(02:04)} 46. Rf7 {
(01:56)} 1-0

[Event "42nd Olympiad Baku 2016 Women"]
[Site "Baku"]
[Date "2016.09.05"]
[Round "4.14"]
[White "Foisor, Cristina-Adela"]
[Black "Mammadzada, Gunay"]
[Result "1-0"]
[ECO "D45"]
[WhiteElo "2353"]
[BlackElo "2361"]
[Annotator ""]
[PlyCount "160"]
[EventDate "2016.??.??"]
[EventCountry "AZE"]
[SourceTitle "playchess.com"]
[Source "ChessBase"]
[WhiteTeam "Romania"]
[BlackTeam "Azerbaijan"]
[WhiteTeamCountry "ROU"]
[BlackTeamCountry "AZE"]
[TimeControl "40/5400+30:1800+30"]

1. d4 {(00:00)} d5 {(00:00)} 2. c4 {(00:00)} c6 {(
00:00)} 3. Nc3 {(00:00)} Nf6 {(00:07)} 4. e3 {(00:03)} e6
{(06:32)} 5. Nf3 {(00:10)} Nbd7 {(00:04)} 6. Qc2 {(
00:13)} Bd6 {(00:20)} 7. Be2 {(00:32)} O-O {(02:16)} 8.
O-O {(00:06)} dxc4 {(03:43)} 9. Bxc4 {(00:07)} b5 {
(00:43)} 10. Be2 {(02:40)} a6 {(05:21)} 11. Rd1 {(
00:21)} Qc7 {(01:46)} 12. h3 {(04:31)} c5 {(09:43)} 13.
dxc5 {(09:25)} Bxc5 {(05:26)} 14. Ne4 {(05:15)} Nxe4 {
(02:07)} 15. Qxe4 {(00:05)} Bb7 {(00:20)} 16. Qf4 {
(01:08)} Qxf4 {(13:58)} 17. exf4 {(00:10)} Nb6 {(
00:12)} 18. Ne5 {(02:23)} Rfc8 {(05:13)} 19. Bd2 {(05:17)}
Bd5 {(09:42)} 20. Ba5 {(05:51)} Na4 {(10:20)} 21. b3 {
(04:07)} Bb6 {(00:36)} 22. Bxb6 {(02:21)} Nxb6 {(
00:01)} 23. Rd2 {(01:44)} Kf8 {(01:37)} 24. Rad1 {(02:05)}
g6 25. h4 {(02:09)} b4 {(06:59)} 26. Ng4 {(00:14)} Ke7 {
(03:39)} 27. Ne3 {(00:42)} Ra7 {(00:33)} 28. Kh2 {(
02:33)} a5 {(00:33)} 29. Rd4 {(00:19)} Rc5 {(03:41)} 30.
Kg3 {(02:22)} Rac7 {(00:50)} 31. Bf3 {(01:02)} Bxf3 {
(00:59)} 32. Kxf3 {(00:05)} h5 {(04:54)} 33. g3 {(
01:22)} Rc1 {(00:37)} 34. R1d2 {(02:36)} R1c5 {(01:07)}
35. Re4 {(04:19)} Rd7 {(01:20)} 36. Ke2 {(03:08)} Rxd2+ {
(01:40)} 37. Kxd2 {(00:05)} Nd5 {(00:33)} 38. Rc4 {
(11:41)} Rb5 {(00:03)} 39. Rc8 {(05:47)} Nc3 {(01:
22)} 40. a4 {(00:00)} Ne4+ {(00:00)} 41. Kd3 {(06:00)} Rc5
{(01:54)} 42. Rxc5 {(07:46)} Nxc5+ {(00:05)} 43. Kc4 {
(01:52)} Kd6 {(01:38)} 44. f3 {(00:23)} Kc6 {(01:
38)} 45. Nf1 {(03:54)} Nd7 {(11:36)} 46. Nd2 {(01:25)} e5
{(04:16)} 47. fxe5 {(00:17)} Nxe5+ {(00:02)} 48. Kd4 {
(00:04)} Kd6 {(01:05)} 49. f4 {(18:24)} Nc6+ {(00:
45)} 50. Kc4 {(00:05)} Ne7 {(04:31)} 51. Kb5 {(01:46)} Kd5
{(00:56)} 52. Nc4 {(02:00)} Kd4 {(00:28)} 53. Nxa5 {
(00:41)} Kc3 {(00:17)} 54. Kc5 {(02:33)} f6 {(00:
51)} 55. Kd6 {(02:41)} Nf5+ {(00:19)} 56. Ke6 {(00:05)}
Nxg3 {(02:53)} 57. Kxf6 {(00:08)} Ne2 {(00:06)} 58. Kxg6 {
(01:12)} Nxf4+ {(00:27)} 59. Kg5 {(00:04)} Ne6+ {(
00:16)} 60. Kxh5 {(00:14)} Nd4 {(00:20)} 61. Kg5 {(02:54)}
Nxb3 {(00:11)} 62. Nxb3 {(00:41)} Kxb3 {(00:04)} 63. a5 {
(00:04)} Kc4 {(01:22)} 64. a6 {(00:07)} b3 {(00:03]
} 65. a7 {(00:03)} b2 {(00:02)} 66. a8=Q {(00:07)} b1=Q {
(00:05)} 67. Qc6+ {(00:55)} Kd4 {(00:41)} 68. Qf6+ {
(01:16)} Kc4 {(02:16)} 69. Qf5 {(03:23)} Qb2 {(01:
13)} 70. h5 {(00:59)} Qg7+ {(00:26)} 71. Kf4 {(00:15)}
Qc7+ {(01:38)} 72. Kf3 {(00:15)} Kc3 {(01:10)} 73. Qf6+ {
(00:40)} Kd3 {(00:18)} 74. h6 {(00:51)} Qb7+ {(00:
44)} 75. Kg3 {(00:09)} Qa7 {(02:15)} 76. Qf5+ {(00:54)}
Kc4 {(00:27)} 77. h7 {(00:51)} Qg1+ {(00:26)} 78. Kh4 {
(00:07)} Qh2+ {(01:18)} 79. Kg5 {(00:11)} Kb3 {(00:
52)} 80. Qe6+ {(02:03)} Ka3 {(00:27)} 1-0

[Event "42nd Olympiad Baku 2016 Women"]
[Site "Baku"]
[Date "2016.09.05"]
[Round "4.20"]
[White "Foisor, Sabina-Francesca"]
[Black "Mahmutbegovic, Nadina"]
[Result "1-0"]
[ECO "D35"]
[WhiteElo "2279"]
[BlackElo "1908"]
[Annotator ""]
[PlyCount "45"]
[EventDate "2016.??.??"]
[EventCountry "AZE"]
[SourceTitle "playchess.com"]
[Source "ChessBase"]
[WhiteTeam "United States"]
[BlackTeam "Bosnia  Herzegovina"]
[WhiteTeamCountry "USA"]
[BlackTeamCountry "BIH"]
[TimeControl "40/5400+30:1800+30"]

1. d4 {(00:00)} d5 {(00:00)} 2. c4 {(00:00)} e6 {(
00:00)} 3. Nc3 {(00:00)} Nf6 {(00:07)} 4. cxd5 {(00:14)}
exd5 {(00:06)} 5. Bg5 {(00:04)} Be7 {(00:17)} 6. e3 {
(00:52)} c6 {(01:23)} 7. Qc2 {(00:54)} O-O {(02:52]
} 8. Bd3 {(00:07)} Nbd7 {(00:11)} 9. Nge2 {(00:46)} Re8 {
(01:36)} 10. O-O {(00:39)} h6 {(03:03)} 11. Bh4 {(
01:19)} a6 {(15:43)} 12. Rab1 {(06:04)} c5 {(06:29)} 13.
Bf5 {(11:28)} cxd4 {(03:55)} 14. exd4 {(07:37)} Nb6 {
(08:18)} 15. Bd3 {(08:52)} Bd7 {(04:57)} 16. Qb3 {(
05:23)} Bc6 {(03:31)} 17. f3 {(07:42)} Nh5 {(09:47)} 18.
Bf2 {(06:16)} Bd6 {(02:35)} 19. a4 {(16:28)} Qc7 {(
03:39)} 20. g3 {(05:09)} Rac8 {(09:47)} 21. f4 {(06:23)}
Nf6 {(01:42)} 22. Rbe1 {(02:05)} Qd7 {(01:51)} 23. Qxb6 {
(04:37)} 1-0

[Event "42nd Olympiad Baku 2016 Women"]
[Site "Baku"]
[Date "2016.09.05"]
[Round "4.9"]
[White "Frick, Denise"]
[Black "Msukwa Tupokiwe"]
[Result "1-0"]
[ECO "C70"]
[WhiteElo "1803"]
[BlackElo "1232"]
[Annotator ""]
[PlyCount "69"]
[EventDate "2016.??.??"]
[EventCountry "AZE"]
[SourceTitle "playchess.com"]
[Source "ChessBase"]
[WhiteTeam "South Africa"]
[BlackTeam "MAW"]
[WhiteTeamCountry "RSA"]
[TimeControl "40/5400+30:1800+30"]

1. e4 {(00:00)} e5 {(00:00)} 2. Nf3 {(00:00)} Nc6 {
(00:00)} 3. Bb5 {(00:00)} a6 {(00:32)} 4. Ba4 {(00:
00)} Be7 {(02:00)} 5. d3 {(00:58)} h6 {(00:24)} 6. Bxc6 {
(01:21)} dxc6 {(06:14)} 7. Nxe5 {(01:08)} Nf6 {(01:
22)} 8. O-O {(02:07)} Bd6 {(01:13)} 9. Nf3 {(01:37)} Bg4 {
(05:55)} 10. e5 {(04:58)} O-O {(13:18)} 11. exd6 {(
00:00)} cxd6 {(01:13)} 12. h3 {(01:55)} Bh5 {(14:03)} 13.
Bf4 {(03:29)} d5 {(02:53)} 14. Nbd2 {(06:11)} Re8 {
(10:25)} 15. Re1 {(04:02)} Bg6 {(06:14)} 16. Ne5 {(
02:08)} Bh7 {(03:09)} 17. Qf3 {(13:50)} Nd7 {(06:01)} 18.
Nxd7 {(10:43)} Qxd7 {(01:17)} 19. Qg3 {(06:48)} Kh8 {
(03:28)} 20. Nf3 {(00:59)} f6 {(01:19)} 21. Bd2 {(
05:22)} Qf7 {(01:16)} 22. Qf4 {(03:36)} g5 {(04:43)} 23.
Qd4 {(02:04)} Rxe1+ {(00:59)} 24. Rxe1 {(00:10)} Rd8 {
(01:19)} 25. Bc3 {(02:11)} Kg7 {(00:13)} 26. Qc5 {(
03:37)} Rd7 {(01:45)} 27. Nd4 {(02:39)} Kg6 {(01:43)} 28.
Ne6 {(01:24)} b6 {(03:58)} 29. Qxc6 {(04:51)} Re7 {
(02:33)} 30. Qd6 {(03:52)} Re8 {(01:13)} 31. Qxd5 {
(04:17)} Bg8 {(01:28)} 32. Qe4+ {(00:14)} f5 {(00:
36)} 33. Nf4+ {(00:35)} gxf4 {(01:08)} 34. Qxe8 {(00:10)}
Qxe8 {(00:27)} 35. Rxe8 1-0

[Event "42nd Olympiad Baku 2016 Women"]
[Site "Baku"]
[Date "2016.09.05"]
[Round "4.2"]
[White "Fronda, Jan Jodilyn"]
[Black "Yuan, Yuanling"]
[Result "0-1"]
[ECO "B52"]
[WhiteElo "2128"]
[BlackElo "2205"]
[Annotator ""]
[PlyCount "140"]
[EventDate "2016.??.??"]
[EventCountry "AZE"]
[SourceTitle "playchess.com"]
[Source "ChessBase"]
[WhiteTeam "Philippines"]
[BlackTeam "Canada"]
[WhiteTeamCountry "PHI"]
[BlackTeamCountry "CAN"]
[TimeControl "40/5400+30:1800+30"]

1. e4 {(00:15)} c5 {(00:00)} 2. Nf3 {(00:20)} d6 {(
00:00)} 3. Bb5+ {(00:49)} Bd7 {(00:29)} 4. Bxd7+ {(00:19)}
Nxd7 {(00:43)} 5. b3 {(01:45)} Ngf6 {(00:54)} 6. Qe2 {
(00:14)} e6 {(09:53)} 7. Bb2 {(05:01)} Be7 {(00:13]
} 8. c4 {(00:35)} O-O {(01:30)} 9. O-O {(00:24)} e5 {
(09:15)} 10. Nc3 {(01:26)} Re8 {(01:08)} 11. Ne1 {(
04:44)} Nf8 {(03:00)} 12. f4 {(07:49)} Ne6 {(04:04)} 13.
f5 {(00:57)} Nd4 {(00:28)} 14. Qd1 {(01:04)} a6 {(
02:30)} 15. d3 {(02:46)} b5 {(01:21)} 16. g4 {(07:10)} h6
{(05:20)} 17. Ng2 {(01:33)} bxc4 {(04:58)} 18. dxc4 {
(03:52)} Rb8 {(06:48)} 19. Ne3 {(07:47)} Nh7 {(02:
19)} 20. Ncd5 {(08:47)} Bg5 {(03:20)} 21. Ng2 {(00:25)} a5
{(04:45)} 22. Bc3 {(09:29)} Nf6 {(03:31)} 23. Nxf6+ {
(01:19)} Bxf6 {(01:30)} 24. Ne3 {(01:40)} Bg5 {(31:
27)} 25. Nd5 {(00:28)} Rb7 {(00:55)} 26. Rb1 {(03:21)} Ra7
{(00:23)} 27. Rb2 {(00:48)} Qd7 {(00:31)} 28. Qe1 {
(10:28)} Qd8 {(00:25)} 29. f6 {(09:31)} Re6 {(00:
01)} 30. Ne7+ {(02:36)} Kh7 {(01:42)} 31. Bxd4 {(00:22)}
exd4 {(00:09)} 32. Nc6 {(00:04)} Qb6 {(00:11)} 33. Nxa7 {
(00:05)} Qxa7 {(00:04)} 34. Re2 {(04:52)} Bxf6 {(
00:09)} 35. Rf3 {(01:00)} Kg8 {(01:04)} 36. Kg2 {(01:15)}
Qa8 {(00:50)} 37. h4 {(01:23)} Qd8 {(00:47)} 38. Kh3 {
(00:05)} Be5 {(00:15)} 39. Ref2 {(00:14)} Rf6 {(00:
38)} 40. Rxf6 {(00:00)} Bxf6 {(00:00)} 41. Rf5 {(06:17)}
Be5 {(04:22)} 42. Qf1 {(02:29)} Qd7 {(01:51)} 43. Qe1 {
(01:17)} Qa7 {(03:56)} 44. Rf3 {(01:40)} Qa8 {(03:
24)} 45. Qe2 {(01:46)} Qa7 {(01:58)} 46. Rd3 {(01:49)} Bf4
{(02:41)} 47. Qf3 {(02:15)} g5 {(04:25)} 48. hxg5 {
(00:07)} hxg5 {(00:24)} 49. Kg2 {(00:05)} a4 {(00:
59)} 50. Qd1 {(08:29)} axb3 {(01:51)} 51. Qxb3 {(00:15)}
Qa8 {(01:16)} 52. Kf3 {(01:03)} Kg7 {(00:05)} 53. Qb2 {
(02:03)} Qa5 {(03:12)} 54. Ke2 {(00:31)} Qa4 {(00:
48)} 55. Qb3 {(00:12)} Qa8 {(00:13)} 56. Kf3 {(00:03)} Qh8
{(00:29)} 57. Kg2 {(06:54)} Qh2+ {(00:07)} 58. Kf1 {
(00:01)} Qh1+ {(00:11)} 59. Kf2 {(00:05)} Qh4+ {(
00:49)} 60. Kf1 {(00:11)} Qxg4 {(00:26)} 61. Qc2 {(03:49)}
Qe6 62. Rf3 Be5 63. a4 g4 64. Rf5 Qh6 65. Rf2 g3 66. Rf3 Qh1+ 67. Ke2 g2 68.
Rg3+ Kh6 69. Rxg2 Qxg2+ 70. Kd1 Qf1+ 0-1

[Event "42nd Olympiad Baku 2016 Women"]
[Site "Baku"]
[Date "2016.09.05"]
[Round "4.19"]
[White "Fuentes Inzunza, Lesly"]
[Black "Fuentes Godoy, Lilia Ivonne"]
[Result "0-1"]
[ECO "D02"]
[WhiteElo "1840"]
[BlackElo "2142"]
[Annotator ""]
[PlyCount "116"]
[EventDate "2016.??.??"]
[EventCountry "AZE"]
[SourceTitle "playchess.com"]
[Source "ChessBase"]
[WhiteTeam "Chile"]
[BlackTeam "Mexico"]
[WhiteTeamCountry "CHI"]
[BlackTeamCountry "MEX"]
[TimeControl "40/5400+30:1800+30"]

1. d4 {(00:00)} d5 {(00:00)} 2. Nf3 {(00:00)} c6 {(
00:00)} 3. g3 {(00:02)} e6 {(04:28)} 4. Bg2 {(00:12)} Bd6
{(00:36)} 5. O-O {(00:58)} f5 {(00:54)} 6. b3 {(03:
00)} Qe7 {(00:23)} 7. Bb2 {(00:26)} Nf6 {(00:50)} 8. c4 {
(01:52)} O-O {(00:40)} 9. Qc1 {(01:23)} b6 {(18:18]
} 10. Ba3 {(02:50)} Bxa3 {(04:49)} 11. Nxa3 {(04:06)} Bb7
{(00:25)} 12. Qb2 {(00:40)} Nbd7 {(01:11)} 13. Rac1 {
(01:22)} Rac8 {(07:50)} 14. Rfd1 {(20:55)} Ne4 {(
06:08)} 15. Nc2 {(04:15)} f4 {(05:11)} 16. Nce1 {(02:44)}
fxg3 {(03:41)} 17. hxg3 {(04:50)} g5 {(07:57)} 18. Nd3 {
(01:23)} Qg7 {(09:36)} 19. Nd2 {(30:59)} Nef6 {(04:
17)} 20. Nf1 {(05:50)} h5 {(06:40)} 21. Qd2 {(04:10)} Kf7
{(03:55)} 22. cxd5 {(01:27)} exd5 {(03:56)} 23. Ne3 {
(07:05)} Qg6 {(03:21)} 24. Ne5+ {(00:54)} Nxe5 {(
00:12)} 25. dxe5 {(00:01)} Ne4 {(00:22)} 26. Qc2 {(00:51)}
Rce8 {(06:46)} 27. Bxe4 {(00:35)} Qxe4 {(00:02)} 28. Qxe4
{(00:11)} dxe4 {(00:03)} 29. Rd7+ {(00:51)} Re7 {(
00:01)} 30. Rcd1 {(00:13)} Bc8 {(01:41)} 31. e6+ {(00:51)}
Kf6 {(00:44)} 32. Rd8 {(00:28)} Rxd8 {(00:30)} 33. Rxd8 {
(00:06)} Bxe6 {(00:07)} 34. Rh8 {(00:48)} Bf7 {(00:
53)} 35. g4 {(00:37)} h4 {(00:27)} 36. Rc8 {(00:28)} c5 {
(00:31)} 37. Rc6+ {(00:01)} Ke5 {(00:33)} 38. Kg2 {
(00:30)} Be6 {(00:27)} 39. f3 {(00:46)} Kf4 {(00:
33)} 40. Kf2 {(00:00)} h3 {(00:00)} 41. Rd6 {(09:24)} h2 {
(24:24)} 42. Rd1 {(09:51)} Rd7 {(01:11)} 43. Ng2+ {
(04:20)} Ke5 {(00:17)} 44. Rh1 {(01:00)} exf3 {(00:
44)} 45. Kxf3 {(02:08)} Bd5+ {(03:10)} 46. Kg3 {(02:25)}
Bxg2 {(00:49)} 47. Kxg2 {(00:11)} Rh7 {(00:57)} 48. Kf3 {
(00:46)} Rh3+ {(00:21)} 49. Kg2 {(00:42)} Rh4 {(00:
09)} 50. Kf3 {(01:08)} b5 {(00:28)} 51. Ke3 {(00:50)} c4 {
(00:31)} 52. bxc4 {(01:50)} bxc4 {(00:02)} 53. a4 {
(02:02)} Rh3+ {(00:38)} 54. Kd2 {(00:40)} c3+ {(00:
01)} 55. Kc2 {(00:18)} Kf4 {(00:10)} 56. e3+ {(00:53)}
Kxe3 {(00:52)} 57. Kxc3 {(00:46)} Kf2+ {(00:06)} 58. Kd2 {
(00:15)} Kg2 {(00:05)} 0-1

[Event "42nd Olympiad Baku 2016 Women"]
[Site "Baku"]
[Date "2016.09.05"]
[Round "4.36"]
[White "Fukuya, Natsumi"]
[Black "Dorozhkina, Mariya"]
[Result "1-0"]
[ECO "C63"]
[WhiteElo "1636"]
[BlackElo "1595"]
[Annotator ""]
[PlyCount "65"]
[EventDate "2016.??.??"]
[EventCountry "AZE"]
[SourceTitle "playchess.com"]
[Source "ChessBase"]
[WhiteTeam "JPN"]
[BlackTeam "IPCA"]
[WhiteTeamCountry "JPN"]
[BlackTeamCountry "RUS"]
[TimeControl "40/5400+30:1800+30"]

1. e4 {(00:00)} e5 {(00:00)} 2. Nf3 {(00:00)} Nc6 {
(00:00)} 3. Bb5 {(00:00)} f5 {(00:00)} 4. d3 {(02:
50)} fxe4 {(00:03)} 5. dxe4 {(00:25)} Nf6 {(00:29)} 6. O-O
{(09:48)} Bc5 {(00:46)} 7. Bc4 {(06:01)} Qe7 {(18:
21)} 8. Nc3 {(02:26)} d6 {(10:06)} 9. Bg5 {(24:33)} Bg4 {
(29:22)} 10. Nd5 {(02:28)} Qd8 {(00:39)} 11. c3 {(
07:18)} h6 {(04:50)} 12. Bxf6 {(10:55)} gxf6 {(00:07)} 13.
b4 {(03:47)} Bb6 {(02:05)} 14. Qd3 {(07:11)} Kd7 {(
07:19)} 15. Nd2 {(06:34)} Qf8 {(03:30)} 16. Nxb6+ {(04:19]
} axb6 {(00:07)} 17. f3 {(02:50)} Bh5 {(01:41)} 18. Rfd1 {
(00:42)} Qg7 {(05:19)} 19. Nf1 {(01:12)} Rae8 {(02:
18)} 20. a4 {(00:36)} f5 {(02:48)} 21. a5 {(00:53)} bxa5 {
(03:43)} 22. bxa5 {(00:24)} fxe4 {(00:19)} 23. Qxe4 {
(00:28)} Rhf8 {(00:14)} 24. Ng3 {(00:42)} Bg6 {(04:
44)} 25. Qg4+ {(00:39)} Kd8 {(00:16)} 26. a6 {(00:50)}
bxa6 {(00:57)} 27. Rxa6 {(00:27)} Rf4 {(00:36)} 28. Ra8+ {
(02:50)} Ke7 {(00:04)} 29. Rxe8+ {(01:08)} Kxe8 {(
00:14)} 30. Qc8+ {(00:31)} Nd8 {(00:24)} 31. Bb5+ {(01:11]
} Ke7 {(03:11)} 32. Qxc7+ {(00:40)} Ke6 {(00:50)} 33.
Rxd6# {(00:18] Kd5} 1-0

[Event "42nd Olympiad Baku 2016 Women"]
[Site "Baku"]
[Date "2016.09.05"]
[Round "4.19"]
[White "Garcia Mendez, Alcira Guadalupe"]
[Black "Ben Said, Safa"]
[Result "1-0"]
[ECO "C05"]
[WhiteElo "1815"]
[BlackElo "1563"]
[Annotator ""]
[PlyCount "65"]
[EventDate "2016.??.??"]
[EventCountry "AZE"]
[SourceTitle "playchess.com"]
[Source "ChessBase"]
[WhiteTeam "El Salvador"]
[BlackTeam "Tunisia"]
[WhiteTeamCountry "ESA"]
[BlackTeamCountry "TUN"]
[TimeControl "40/5400+30:1800+30"]

1. e4 {(00:00)} e6 {(00:00)} 2. d4 {(00:00)} d5 {(
00:05)} 3. Nd2 {(00:19)} Nf6 {(01:08)} 4. e5 {(00:23)}
Nfd7 {(00:39)} 5. Bd3 {(00:39)} c5 {(01:28)} 6. c3 {
(01:33)} Nc6 {(02:30)} 7. Ngf3 {(00:09)} Qb6 {(01:
03)} 8. O-O {(00:58)} cxd4 {(01:34)} 9. cxd4 {(00:09)}
Nxd4 {(01:47)} 10. Nxd4 {(00:08)} Qxd4 {(00:22)} 11. Nf3 {
(00:10)} Qb6 {(05:54)} 12. Qa4 {(03:13)} Qb4 {(10:
15)} 13. Qc2 {(00:33)} g6 {(00:52)} 14. Bd2 {(01:28)} Qc5
{(03:34)} 15. Qa4 {(03:49)} a6 {(04:24)} 16. Rac1 {
(02:50)} b5 {(01:57)} 17. Qh4 {(14:05)} Qa7 {(07:
21)} 18. Ba5 {(12:07)} Be7 {(15:09)} 19. Qh6 {(12:21)} Bf8
{(02:26)} 20. Qf4 {(09:16)} Nb6 {(05:29)} 21. Rc6 {
(04:23)} Rb8 {(04:48)} 22. Bxb6 {(00:33)} Qe7 {(12:
29)} 23. Rc7 {(03:24)} Bd7 {(01:11)} 24. Ba7 {(00:35)} Ra8
{(01:59)} 25. Rfc1 {(00:43)} h5 {(00:44)} 26. Bc5 {
(02:07)} Bh6 {(02:39)} 27. Qxh6 {(03:58)} Rxh6 {(
00:17)} 28. Bxe7 {(00:10)} Kxe7 {(00:36)} 29. Nd4 {(01:48]
} Kd8 {(01:58)} 30. Rb7 {(03:34)} Rh7 {(02:57)} 31. Rcc7 {
(01:52)} Bc8 {(03:17)} 32. Rxf7 {(00:23)} Bxb7 {(
01:58)} 33. Rxh7 1-0